 Dungeon Crawl Stone Soup version 0.20-a0-1122-gb7cbeb9 (webtiles) character file.

11263 FastMan the Severer (level 11, -4/156 HPs)
             Began as a Minotaur Berserker on May 14, 2017.
             Was a High Priest of Trog.
             Slain by a nine-headed hydra (13 damage)
             ... on level 11 of the Dungeon.
             The game lasted 00:08:09 (9542 turns).

FastMan the Severer (Minotaur Berserker)            Turns: 9542, Time: 00:08:09

Health: -4/156     AC: 11    Str: 30    XL:     11   Next: 47%
Magic:  3/3        EV:  8    Int:  4    God:    Trog [*****.]
Gold:   589        SH: 14    Dex: 10    Spells: 10/10 levels left

rFire    . . .     SeeInvis +   a - +2 broad axe (antimagic)
rCold    . . .     Gourm    .   s - +2 shield
rNeg     . . .     Faith    +   B - +0 chain mail
rPois    .         Spirit   .   (helmet restricted)
rElec    .         Reflect  .   q - +0 cloak
rCorr    +         Harm     .   f - +0 pair of gloves
MR       .....                  (no boots)
Stlth    ..........             y - amulet of faith
Regen    0.4/turn               i - ring of see invisible
MPRegen  0.1/turn               r - ring of resist corrosion

@: berserking, very quick
A: retaliatory headbutt, horns 2
a: Berserk, Trog's Hand, Brothers in Arms, Burn Spellbooks, Renounce Religion


You were on level 11 of the Dungeon.
You worshipped Trog.
Trog was extremely pleased with you.
You were very hungry.

You visited 1 branch of the dungeon, and saw 11 of its levels.
You also visited: Bailey.

You collected 589 gold pieces.

Inventory:

Hand Weapons
 a - a +2 antimagic broad axe (weapon)
Armour
 f - a +0 pair of gloves (worn)
 q - a +0 cloak (worn)
 s - a +2 shield (worn)
 B - a +0 chain mail (worn)
Jewellery
 c - an uncursed ring of ice
 i - a ring of see invisible (left hand)
 r - a ring of resist corrosion (right hand)
 y - an amulet of faith (around neck)
Scrolls
 e - a scroll of immolation
 h - 2 scrolls of noise {unknown}
 j - 7 scrolls of remove curse {@r2}
 k - a scroll of enchant weapon {unknown}
 o - 2 scrolls of magic mapping
 v - 2 scrolls of teleportation {@r3}
 w - a scroll of recharging
 x - a scroll of fog
 E - a scroll of blinking {@r4}
Potions
 b - 3 potions of brilliance {@q6}
 d - 2 potions of mutation
 g - 3 potions of lignification
 m - 4 potions of might {@q4}
 p - 4 potions of curing {@q1}
 t - 2 potions of haste {@q3}
 D - a potion of agility {@q5}
Comestibles
 l - 5 royal jellies {@e3}
 n - 17 chunks of flesh
 u - 4 meat rations {@e2}
 A - 2 bread rations {@e1}


   Skills:
 + Level 11.7 Fighting
 * Level 15.5 Axes
 - Level 2.4 Armour
 - Level 2.1 Dodging
 + Level 9.4 Shields


You had 10 spell levels left.
You didn't know any spells.

Dungeon Overview and Level Annotations

Branches:
Dungeon (11/15)            Temple (0/1) D:5            Lair (0/6) D:11
    Orc: D:9-12

Altars:
Cheibriados
Fedhas
Gozag
Hepliaklqana
Makhleb
Nemelex Xobeh
Ru
Sif Muna
Uskayaw
Vehumet
Xom
The Shining One

Shops:
D:7 }   D:9 }

Annotations:
D:9 exclusion: door


Innate Abilities, Weirdness & Mutations

You reflexively headbutt those who attack you in melee.
You have a pair of horns on your head.


Message History

The nine-headed hydra bites you but does no damage.
You block the nine-headed hydra's attack.
The nine-headed hydra bites you.
* * * LOW HITPOINT WARNING * * *
Your chain mail prevents you from hitting the nine-headed hydra.
You headbutt the nine-headed hydra!
The nine-headed hydra is severely wounded.
You slash the yak! You hit the yak. The yak gores you!
* * * LOW HITPOINT WARNING * * *
You barely miss the nine-headed hydra. You headbutt the nine-headed hydra!
The nine-headed hydra is severely wounded.
Your shield and chain mail prevent you from hitting the yak.
You barely miss the yak. The nine-headed hydra bites you.
* * * LOW HITPOINT WARNING * * *
The nine-headed hydra bites you.
* * * LOW HITPOINT WARNING * * *
You block the nine-headed hydra's attack. x2
The nine-headed hydra barely misses you. x2
The nine-headed hydra bites you!
You die... # #... # #......!# #... # #.......# #... # #.......# #... # #.......# ###... # ....... ...≈≈≈≈ # #YYY.

..≈.≈≈≈≈ #
#DY#
.≈≈.≈≈≈≈≈ #
#@Y#
..≈≈≈≈.≈≈≈ #
#..#
#....≈≈≈≈≈≈≈≈
###########
#..#
#.....≈≈≈≈.≈≈
..........#
#..#
#.....≈≈≈≈≈..
..........#
#..#
#.....≈≈≈≈..>
.#######..#
#..#
#...≈≈≈.≈≈≈..
.# #..# #..#
#......≈≈≈..≈
.# #..# #..#
#......≈≈≈≈≈.
.# #..# #..#
#......≈≈≈≈≈≈


You could see a nine-headed hydra and 5 yaks.

Vanquished Creatures
  The ghost of Elysium the Basher, a journeyman OgBe of Trog (D:11)
  2 two-headed ogres
  Pikel (D:4)
  The ghost of Shayle the Geomancer, a novice GrEE of Vehumet (Bailey)
  A manticore (D:10)
  A cyclops (D:11)
  2 trolls
  A hippogriff (D:11)
  A vampire (D:10)
  Eustachio (D:4)
  13 yaks
  The ghost of Likado the Sneak, an amateur VSAs (D:3)
  The ghost of Shayle the Magician, an amateur DEAE of Vehumet (D:4)
  An orc warrior (D:7)
  2 ice beasts
  2 phantoms (D:4)
  3 slaves (D:4)
  3 black bears
  2 wolves (D:11)
  2 necrophages (D:8)
  2 sky beasts
  An eye of draining (D:8)
  3 ogres
  3 centaurs
  4 bullfrogs
  Blork the orc (D:4)
  A big kobold (D:7)
  2 gnoll sergeants
  3 scorpions
  5 wights (D:8)
  2 howler monkeys
  2 crimson imps
  A centaur zombie (D:10)
  8 hounds
  2 centaur skeletons
  A jelly (D:9)
  Crazy Yiuf (D:4)
  8 orc priests
  9 orc wizards
  7 iguanas
  A worker ant zombie (D:8)
  Robin (D:2)
  6 gnolls
  6 adders
  8 shadow imps
  2 oozes
  A worm (D:3)
  3 dart slugs (D:1)
  3 leopard geckos
  48 orcs
  A giant cockroach (D:3)
  24 goblins
  7 hobgoblins
  4 jackals
  11 kobolds
  4 quokkas
  A bat (D:1)
  5 frilled lizards
  3 rats
247 creatures vanquished.

Vanquished Creatures (collateral kills)
  A troll (D:11)
  2 electric eels (D:11)
3 creatures vanquished.

Vanquished Creatures (others)
  A slave (D:4)
  2 gnolls (D:4)
  2 jackals (D:4)
5 creatures vanquished.

Grand Total: 255 creatures vanquished

Notes
Turn   | Place    | Note
-------+----------+-------------------------------------------
     0 | D:1      | FastMan the Minotaur Berserker began the quest for the Orb.
     0 | D:1      | Reached XP level 1. HP: 19/19 MP: 0/0
    56 | D:1      | Reached skill level 4 in Axes
    56 | D:1      | Reached XP level 2. HP: 14/27 MP: 1/1
   643 | D:2      | Noticed Robin
   647 | D:2      | Reached XP level 3. HP: 33/33 MP: 2/2
   650 | D:2      | Killed Robin
  1015 | D:3      | Reached skill level 5 in Axes
  1023 | D:3      | Reached XP level 4. HP: 40/41 MP: 3/3
  1137 | D:3      | Noticed Likado's ghost (amateur VSAs)
  1145 | D:3      | Killed Likado's ghost
  1145 | D:3      | Reached skill level 5 in Fighting
  1145 | D:3      | Reached skill level 6 in Axes
  1145 | D:3      | Reached XP level 5. HP: 48/48 MP: 4/4
  1414 | D:3      | Reached ** piety under Trog
  1687 | D:4      | Noticed Pikel
  1687 | D:4      | Noticed a slave
  1687 | D:4      | Noticed a slave
  1687 | D:4      | Noticed a slave
  1687 | D:4      | Noticed a slave
  1693 | D:4      | Noticed Shayle's ghost (amateur DEAE)
  1694 | D:4      | Killed a slave
  1697 | D:4      | Killed a slave
  1699 | D:4      | Killed a slave
  1700 | D:4      | Killed Pikel
  1700 | D:4      | Reached skill level 8 in Axes
  1700 | D:4      | Reached XP level 6. HP: 15/58 MP: 5/5
  1700 | D:4      | Reached XP level 7. HP: 17/64 MP: 6/6
  1972 | D:4      | Killed Shayle's ghost
  1972 | D:4      | Reached skill level 9 in Axes
  1998 | D:4      | Noticed Eustachio
  2020 | D:4      | Killed Eustachio
  2239 | D:4      | Found a sparkling altar of Nemelex Xobeh.
  2303 | D:4      | Found a runed door.
  2432 | D:4      | Noticed Crazy Yiuf
  2436 | D:4      | Killed Crazy Yiuf
  2608 | D:4      | Reached XP level 8. HP: 70/73 MP: 7/7
  2821 | D:4      | Noticed Blork the orc
  2836 | D:4      | Killed Blork the orc
  2836 | D:4      | Reached skill level 10 in Axes
  2855 | D:4      | Reached skill level 1 in Shields
  2914 | D:4      | Found a snail-covered altar of Cheibriados.
  3040 | D:5      | Entered Level 5 of the Dungeon
  3115 | D:5      | Found a hide-covered altar of Uskayaw.
  3305 | D:5      | Found a blossoming altar of Fedhas.
  3386 | D:5      | Found a sacrificial altar of Ru.
  3531 | D:5      | Found a staircase to the Ecumenical Temple.
  3560 | D:5      | Reached *** piety under Trog
  3877 | D:6      | Found a burning altar of Makhleb.
  3879 | D:6      | Found an ancient bone altar of Kikubaaqudgha.
  3879 | D:6      | Found a shimmering altar of Xom.
  3881 | D:6      | Found a hazy altar of Hepliaklqana.
  3881 | D:6      | Found a blossoming altar of Fedhas.
  3881 | D:6      | Found a radiant altar of Vehumet.
  3913 | D:6      | Reached skill level 11 in Axes
  4286 | D:6      | You fall through a shaft!
  4375 | D:7      | Found a flagged portal.
  4392 | Bailey   | Entered a bailey
  4395 | Bailey   | Noticed Shayle's ghost (novice GrEE)
  4413 | Bailey   | Killed Shayle's ghost
  4413 | Bailey   | Reached XP level 9. HP: 82/82 MP: 8/8
  4434 | Bailey   | Noticed an orc knight
  4437 | Bailey   | HP: 3/82 [orc warrior/war axe (14)]
  4949 | D:7      | Found a glowing golden altar of the Shining One.
  5076 | D:7      | Found Noustryh's Gadget Boutique.
  5085 | D:7      | Reached skill level 12 in Axes
  5089 | D:7      | Reached **** piety under Trog
  5327 | D:8      | Received a gift from Trog
  5408 | D:8      | Reached skill level 5 in Shields
  5964 | D:8      | Found an opulent altar of Gozag.
  5989 | D:8      | Reached skill level 13 in Axes
  6066 | D:8      | Noticed a two-headed ogre
  6074 | D:8      | Killed a two-headed ogre
  6074 | D:8      | Reached skill level 10 in Fighting
  6074 | D:8      | Reached XP level 10. HP: 93/93 MP: 9/9
  6364 | D:9      | Found Uxiphet's Gadget Shop.
  6601 | D:9      | Reached ***** piety under Trog
  6659 | D:9      | Found a deep blue altar of Sif Muna.
  6686 | D:9      | Reached skill level 14 in Axes
  6999 | D:9      | Noticed a two-headed ogre
  7009 | D:9      | Killed a two-headed ogre
  7146 | D:10     | Entered Level 10 of the Dungeon
  7881 | D:10     | Noticed a manticore
  7888 | D:10     | Killed a manticore
  7900 | D:10     | Reached XP level 11. HP: 94/102 MP: 10/10
  8365 | D:11     | Found a deep blue altar of Sif Muna.
  8387 | D:11     | Noticed Elysium's ghost (journeyman OgBe)
  8403 | D:11     | Killed Elysium's ghost
  8403 | D:11     | Reached skill level 15 in Axes
  8525 | D:11     | Found a staircase to the Lair.
  8533 | D:11     | Received a gift from Trog
  9533 | D:11     | Noticed a seven-headed hydra
  9542 | D:11     | Slain by a nine-headed hydra

Vault maps used:
D:1:      lightli_arrival_farm, minmay_door_square, minmay_misc_feat_x,
          minivault_11, minmay_surrounded
D:2:      uniq_robin
D:4:      lemuel_doored_altar, kennysheep_mini, lightli_minifort,
          uniq_crazy_yiuf_cottage, uniq_eustachio, uniq_blork_the_orc,
          uniq_pikel
D:5:      eat_drink_and_be_merry_uskayaw, nicolae_ru_the_path_less_chosen,
          lemuel_crystal_altar, minmay_temple_entry_enclosed_plants,
          first_bread, minmay_ogre_servants
D:6:      doesnt_xom_only_xom, small_statue_alley_b
D:7:      kennysheep_little_box, serial_shops, shop, enter_bailey_3
D:8:      grunt_gozag_breadcrumbs
D:9:      led_sif_book, serial_shops,
          nicolae_shop_temple_entry_statues_fountains, minmay_holes
D:11:     erik_lair_island, basic_altar, grunt_livestock
Bailey:   bailey_axe_3, bailey

Skill      XL: |  1  2  3  4  5  6  7  8  9 10 11 |
---------------+----------------------------------+-----
Axes           | 4 5 6 8 9 11 13 14 15 | 15.5
Fighting       | 4 5 6 7 8 10 11 | 11.7
Shields        | 4 6 8 9 |  9.4
Armour         | |  2.4
Dodging        | |  2.1

Action                   |  1- 3 |  4- 6 |  7- 9 | 10-12 || total
-------------------------+-------+-------+-------+-------++-------
Melee: Hand axe          |    60 |    68 |   414 |   212 ||   754
       Headbutt          |     8 |    11 |    92 |    54 ||   165
       Broad axe         |       |       |       |    40 ||    40
Invok: Berserk           |     2 |     2 |     6 |     6 ||    16
       Burn Spellbooks   |       |       |       |     1 ||     1
       Trog's Hand       |       |       |       |     1 ||     1
       Brothers in Arms  |       |       |       |     1 ||     1
  Use: Scroll            |       |       |    11 |     5 ||    16
       Potion            |       |       |     1 |       ||     1
  Eat: Chunk             |     1 |     4 |    14 |    13 ||    32
       Meat ration       |       |       |     1 |       ||     1
       Bread ration      |       |       |       |     1 ||     1
Armor: Scale mail        |    17 |    26 |    75 |       ||   118
       Chain mail        |       |       |    33 |    64 ||    97
Dodge: Dodged            |    24 |    35 |    87 |    53 ||   199
Block: Shield            |       |       |   180 |   122 ||   302
